 Dungeon Crawl Stone Soup version 0.30.1-9-gdf580d7c3d (webtiles) character file.

Game seed: 6309420523296994677

11 KittyFluff the Trooper (level 2, 0/19 HPs)
             Began as a Gargoyle Berserker on Oct 25, 2023.
             Was a Follower of Trog.
             Slain by a kobold
             ... wielding a +1 short sword of freezing
              (2 damage)
             ... on level 1 of the Dungeon.
             The game lasted 00:01:28 (420 turns).

KittyFluff the Trooper (Gargoyle Berserker)          Turns: 420, Time: 00:01:28

Health: 0/19       AC:  5    Str: 20    XL:     2   Next: 29%
Magic:  2/2        EV: 12    Int:  7    God:    Trog [*.....]
Gold:   45         SH:  0    Dex:  9    Spells: 1/1 levels left

rFire   . . .        a - +0 mace
rCold   . . .        (no shield)
rNeg    + . .        b - +0 animal skin
rPois   ∞            (no helmet)
rElec   +            (no cloak)
rCorr   .            (no gloves)
SInv    .            (no boots)
Will    .....        (no amulet)
Stlth   +            (no ring)
HPRegen 0.23/turn    (no ring)
MPRegen 0.08/turn

%: no passive effects
@: no status effects
A: sickness immunity, AC +2, negative energy resistance 1, electricity
resistance, torment resistance 1, petrification resistance
a: Renounce Religion, Berserk


You were on level 1 of the Dungeon.
You worshipped Trog.
Trog was aware of your devotion.
You visited 1 branch of the dungeon, and saw 1 of its levels.

You collected 45 gold pieces.

Inventory:

Hand Weapons
 a - a +0 mace (weapon)
Armour
 b - a +0 animal skin (worn)
Scrolls
 d - a scroll of acquirement {unknown}
 e - a scroll of blinking {unknown}
 f - a scroll of teleportation {unknown}
Potions
 c - a potion of lignification {unknown}
 g - a potion of berserk rage {unknown}


   Skills:
 + Level 3.4 Fighting
 * Level 3.2 Maces & Flails
 * Level 2.5 Armour
 + Level 1.7 Dodging


You had one spell level left.
You didn't know any spells.
Your spell library was empty.

Dungeon Overview and Level Annotations

Branches:
Dungeon (1/15)

Altars:


Innate Abilities, Weirdness & Mutations

You are immune to sickness and miasma.
Your stone body is resilient. (AC +2)
You are immune to poison.
You resist negative energy. (rN+)
You are resistant to electric shocks. (rElec)
You are resistant to unholy torment.
You are immune to petrification.


Message History

You see here a ball python corpse.
Found a scroll labelled ZEUZIK VICS and 11 gold pieces.
The endoplasm quivers.
Found 10 gold pieces.
Found a green potion.
The endoplasm misses you.
You completely miss the endoplasm. The endoplasm closely misses you.
You hit the endoplasm.
The endoplasm is moderately wounded.
The endoplasm hits you.
You hit the endoplasm.
You kill the endoplasm!
Trog accepts your kill.
f - a scroll labelled ZEUZIK VICS You now have 20 gold pieces (gained 10).
You now have 31 gold pieces (gained 11).
g - a green potion
Found a faded altar of an unknown god.
Found 14 gold pieces.
You now have 45 gold pieces (gained 14).
A kobold comes into view.
It is wielding a +1 short sword of freezing.
The kobold shouts!
You barely miss the kobold. The kobold misses you.
You miss the kobold. The kobold hits you but does no damage.
You closely miss the kobold. The kobold hits you but does no damage.
You barely miss the kobold.
The kobold hits you with a +1 short sword of freezing.
The kobold freezes you.
The kobold hits you with a +1 short sword of freezing.
The kobold freezes you.
You barely miss the kobold.
The kobold hits you with a +1 short sword of freezing.
The kobold freezes you.
* * * LOW HITPOINT WARNING * * *
You closely miss the kobold. The kobold completely misses you.
You barely miss the kobold. The kobold misses you.
You closely miss the kobold. The kobold barely misses you.
The kobold hits you with a +1 short sword of freezing.
* * * LOW HITPOINT WARNING * * *
The kobold freezes you.
You die...

##...# #...## #.#
#..##.###.##..# #.#
##...# #...# #...##
#.#
##..##.##...##.##..#
#.# ....# #...#...#
#...# ######.#
..##.##..###..##.##.#
#......# ..# #...##
##...# .# #†####.#
#.###..## ##..###.#
#.# #.# .......#
##.@...# #.# #.#
....##.# ##K#### #.#
#.# ###....# ..# #.#
#.# #...## .### #.#
#.# #.#.# ## #.# #.#
#.#.# #.# #.# #.#..
##+####.## #.######
#........# #......#
#........#


You could see a kobold.

Vanquished Creatures
  2 ball pythons (D:1)
  An endoplasm (D:1)
  3 hobgoblins (D:1)
  2 bats (D:1)
  A frilled lizard (D:1)
  A kobold (D:1)
10 creatures vanquished.

Notes
Turn   | Place    | Note
-------+----------+-------------------------------------------
     0 | D:1      | KittyFluff the Gargoyle Berserker began the quest for the
                  | Orb.
     0 | D:1      | Reached XP level 1. HP: 14/14 MP: 1/1
   184 | D:1      | Reached XP level 2. HP: 18/19 MP: 2/2
   356 | D:1      | Found a faded altar of an unknown god.
   420 | D:1      | Slain by a kobold

Illustrated notes

Levels and vault maps discovered:
D:1:      erik_arrival_orb_chamber, layout_basic, serial_shops,
          nicolae_shop_stone, dreamdust_ecumenical_altar_statues, minmay_vboxes

Action                     || total
---------------------------++-------
  Melee: Mace              ||    44
         Punch             ||     1
 Armour: Animal skin       ||    17
  Dodge: Dodged            ||    26
